 Dungeon Crawl Stone Soup version 0.31-a0-986-g5e6e4ef867 (webtiles) character file.

Game seed: 9557746800729446744

3893643 RepHenryClay the Invulnerable (level 27, 245/245 HPs)
             Began as a Hill Orc Fighter on Nov 14, 2023.
             Was the Champion of Qazlal.
             Escaped with the Orb
             ... and 5 runes on Nov 16, 2023!
             The game lasted 02:09:15 (53081 turns).

RepHenryClay the Invulnerable (Hill Orc Fighter)   Turns: 53081, Time: 02:09:15

Health: 245/245    AC: 48    Str: 36    XL:     27
Magic:  40/40      EV: 27    Int:  9    God:    Qazlal [******]
Gold:   7397       SH: 28    Dex: 24    Spells: 22/26 levels left

rFire   + + .        a - +9 broad axe (spect)
rCold   + . .        L - +2 kite shield of Eternity {Regen+ Dex+3}
rNeg    + + .        k - +9 plate armour "Roar" {rF+ rC+}
rPois   .            d - +2 hat of Ebeistra {Will+}
rElec   +            C - +4 dragonskin cloak
rCorr   .            x - +3 pair of gauntlets of War {Slay+5}
SInv    .            e - +2 pair of boots of Limited Liability {rF+ Dex+2}
Will    +++..        w - amulet of regeneration Stlth
                     X - ring "Midghodo" {*Corrode rElec Str+3 Int+2 Dex+6}
HPRegen 2.20/turn    h - ring of Gin and Tonic {*Corrode rN++ EV+5}
MPRegen 0.27/turn

%: corrode self (6%), repel missiles
@: studying Necromancy
A: frail 1, mutation resistance 1, sense surroundings 1, strong 1
0: Orb of Zot
}: 5/15 runes: barnacled, slimy, silver, abyssal, gossamer
a: Renounce Religion, Upheaval, Elemental Force, Disaster Area


You escaped.
You worshipped Qazlal.
Qazlal was exalted by your worship.
You visited 10 branches of the dungeon, and saw 52 of its levels.
You visited the Abyss 1 time.
You visited 1 bazaar.
You also visited: Trove and Ice Cave.

You collected 9106 gold pieces.
You spent 1709 gold pieces at shops.

Inventory:

Hand Weapons
 a - a +9 spectral broad axe (weapon)
Missiles
 b - 4 throwing nets
 t - 5 silver javelins (quivered)
 K - 9 javelins
Armour
 d - the +2 hat of Ebeistra (worn) {Will+}
   (You found it on level 1 of the Realm of Zot)

   Will+:     It increases your willpower.
 e - the +2 pair of boots of Limited Liability (worn) {rF+ Dex+2}
   (You acquired it on level 1 of the Vaults)

   Dex+2:     It affects your dexterity (+2).
   rF+:       It protects you from fire.
 k - the +9 plate armour "Roar" (worn) {rF+ rC+}
   (You found it on level 9 of the Dungeon)

   rF+:       It protects you from fire.
   rC+:       It protects you from cold.
 x - the +3 pair of gauntlets of War (worn) {Slay+5}
   (You found it in a treasure trove)

   Slay+5:    It affects your accuracy & damage with ranged weapons and melee
   (+5).
 y - the +1 pair of gloves of Nemelex Xobeh's Whim {Harm rF++}
   (You acquired it on level 1 of the Lair of Beasts)

   rF++:      It greatly protects you from fire.
   Harm:      It increases damage dealt and taken.
 C - the +4 dragonskin cloak (worn)
   (You took it off Tiamat on level 1 of the Realm of Zot)

   Avatar's Aegis: It grants the wearer a chance to resist fire, cold, poison,
   electricity, acid, and negative energy.
 H - a +1 kite shield of cold resistance
 L - the +2 kite shield of Eternity (worn) {Regen+ Dex+3}
   (You found it on level 7 of the Dungeon)

   Dex+3:     It affects your dexterity (+3).
   Regen+:    It increases your rate of health regeneration.
Jewellery
 h - the ring of Gin and Tonic (right hand) {*Corrode rN++ EV+5}
   (You found it on level 5 of the Lair of Beasts)

   [ring of evasion]

   EV+5:      It affects your evasion (+5).
   rN++:      It greatly protects you from negative energy.
   *Corrode:  It may corrode you when you take damage.
 i - the ring "Ucrusm" {Fly SInv}
   (You found it in a treasure trove)

   [ring of see invisible]

   SInv:      It lets you see invisible.
   Fly:       It grants you flight.
 m - the amulet of the Kraken {Faith Harm rN+ Stlth-}
   (You found it in a treasure trove)

   [amulet of faith]

   Faith:     It allows you to gain divine favour quickly.
   rN+:       It protects you from negative energy.
   Harm:      It increases damage dealt and taken.
   Stlth-:    It makes you less stealthy.
 r - the ring "Puzxepn" {Drain rPois rN++ rCorr Str+6}
   (You took it off a deep elf demonologist on level 4 of the Vaults)

   [ring of strength]

   Str+6:     It affects your strength (+6).
   rPois:     It protects you from poison rN++: It greatly protects you from
   negative energy.
   rCorr:     It protects you from acid and corrosion.
   Drain:     It drains your maximum health when unequipped.
 w - an amulet of regeneration (around neck)
 D - a ring of willpower
 O - a ring of protection from fire
 W - the ring of the Castellan {Wiz rElec rF+ SInv Stlth+}
   (You found it on level 5 of the Vaults)

   [ring of wizardry]

   Wiz:       It improves your spell success rate.
   rF+:       It protects you from fire.
   rElec:     It insulates you from electricity.
   SInv:      It lets you see invisible.
   Stlth+:    It makes you more stealthy.
 X - the ring "Midghodo" (left hand) {*Corrode rElec Str+3 Int+2 Dex+6}
   (You found it on level 4 of the Realm of Zot)

   [ring of dexterity]

   Str+3:     It affects your strength (+3).
   Int+2:     It affects your intelligence (+2).
   Dex+6:     It affects your dexterity (+6).
   rElec:     It insulates you from electricity.
   *Corrode:  It may corrode you when you take damage.
Wands
 c - a wand of roots (42)
 n - a wand of mindburst (12)
 E - a wand of charming (55)
 S - a wand of quicksilver (20)
 V - a wand of digging (14)
Scrolls
 f - 8 scrolls of blinking
 j - 10 scrolls of silence
 p - 13 scrolls of enchant armour
 s - 10 scrolls of immolation
 u - 2 scrolls of brand weapon
 v - 6 scrolls of enchant weapon
 F - a scroll of butterflies
 I - 6 scrolls of fog
 M - 13 scrolls of poison
 N - 6 scrolls of torment
 P - 2 scrolls of revelation
 Q - 26 scrolls of teleportation
 R - 11 scrolls of fear
 Y - 18 scrolls of identify {@r1}
Potions
 g - 9 potions of mutation
 l - 13 potions of enlightenment
 o - 5 potions of attraction
 q - 4 potions of ambrosia
 z - 16 potions of curing
 A - 3 potions of haste
 B - 11 potions of heal wounds
 G - 3 potions of invisibility
 J - 7 potions of resistance
 T - 6 potions of cancellation
 U - 5 potions of magic
 Z - 4 potions of might


   Skills:
 O Level 27 Fighting
 - Level 18.0 Axes
 - Level 5.0 Throwing
 O Level 27 Armour
 + Level 16.3 Dodging
 - Level 22.4 Shields
 - Level 8.0 Translocations
 O Level 27 Invocations


You had 22 spell levels left.
You knew the following spells:

 Your Spells              Type           Power      Damage    Failure   Level
b - Lesser Beckoning      Tloc           28%        N/A       6%          2
Q - Blink                 Tloc           28%        N/A       6%          2

Your spell library contained the following spells:

 Spells                   Type           Power      Damage    Failure   Level
 Apportation              Tloc           28%        N/A       4%          1
 Momentum Strike          Conj/Tloc      14%        3d8       30%         2
 Manifold Assault         Tloc           14%        N/A       36%         4
 Passage of Golubria      Tloc           14%        N/A       36%         4
 Volatile Blastmotes      Fire/Tloc      14%        2d11      52%         3
 Foxfire                  Conj/Fire      0%         2x1d4     71%         1
 Magic Dart               Conj           0%         1d3       71%         1
 Shock                    Conj/Air       0%         1d3       71%         1
 Slow                     Hex            0%         N/A       71%         1
 Sting                    Tmut/Pois      0%         1d3       71%         1
 Call Imp                 Summ           0%         N/A       85%         2
 Cigotuvi's Dreadful Rot  Necr/Pois/Air  0%         N/A       85%         2
 Ensorcelled Hibernation  Hex/Ice        0%         N/A       85%         2
 Jinxbite                 Hex            0%         N/A       85%         2
 Passwall                 Tmut/Erth      0%         N/A       85%         2
 Poisonous Vapours        Pois/Air       0%         N/A       85%         2
 Scorch                   Fire           0%         2d5       85%         2
 Searing Ray              Conj           0%         2d4       85%         2
 Static Discharge         Conj/Air       0%         3-3/arc   85%         2
 Sublimation of Blood     Necr           0%         N/A       85%         2
 Wereblood                Tmut           0%         N/A       85%         2
 Vhi's Electric Charge    Tloc/Air       14%        N/A       90%         4
 Confusing Touch          Hex            0%         N/A       97%         3
 Dazzling Flash           Conj/Hex       0%         N/A       97%         3
 Ignite Poison            Fire/Tmut/Pois 0%         N/A       97%         3
 Inner Flame              Hex/Fire       0%         N/A       97%         3
 Mephitic Cloud           Conj/Pois/Air  0%         N/A       97%         3
 Sigil of Binding         Hex            0%         N/A       97%         3
 Summon Guardian Golem    Hex/Summ       0%         N/A       97%         3
 Swiftness                Air            0%         N/A       97%         3
 Vampiric Draining        Necr           0%         2d6       97%         3
 Summon Forest            Summ/Tloc      3%         N/A       99%         5
 Dispersal                Tloc           7%         N/A       99%         6
 Airstrike                Air            0%         2d(0-16)  100%        4
 Anguish                  Hex/Necr       0%         N/A       100%        4
 Animate Dead             Necr           0%         N/A       100%        4
 Brom's Barrelling Bould  Conj/Erth      0%         2d3       100%        4
 Flame Wave               Conj/Fire      0%         2d4       100%        4
 Olgreb's Toxic Radiance  Pois           0%         N/A       100%        4
 Sticky Flame             Conj/Fire      0%         2d3       100%        4
 Summon Lightning Spire   Summ/Air       0%         N/A       100%        4
 Alistair's Intoxication  Tmut/Pois      0%         N/A       100%        5
 Arcjolt                  Conj/Air       0%         1d10      100%        5
 Borgnjor's Vile Clutch   Necr/Erth      0%         N/A       100%        5
 Fireball                 Conj/Fire      0%         3d3       100%        5
 Freezing Cloud           Conj/Ice/Air   0%         6-21      100%        5
 Irradiate                Conj/Tmut      0%         3d11      100%        5
 Iskenderun's Battlesphe  Conj           0%         2d6       100%        5
 Silence                  Hex/Air        0%         N/A       100%        5
 Summon Mana Viper        Hex/Summ       0%         N/A       100%        5
 Bombard                  Conj/Erth      0%         9d1       100%        6
 Conjure Ball Lightning   Conj/Air       0%         3x3d6     100%        6
 Death Channel            Necr           0%         N/A       100%        6
 Eringya's Noxious Bog    Tmut/Pois      0%         4d6       100%        6
 Plasma Beam              Fire/Air       0%         2x1d10    100%        6
 Simulacrum               Ice/Necr       0%         N/A       100%        6
 Starburst                Conj/Fire      0%         6d3       100%        6
 Summon Cactus Giant      Summ           0%         N/A       100%        6
 Orb of Destruction       Conj           0%         9d5       100%        7
 Ozocubu's Refrigeration  Ice            0%         4d7       100%        7
 Spellforged Servitor     Conj/Summ      0%         N/A       100%        7
 Summon Hydra             Summ           0%         N/A       100%        7
 Discord                  Hex            0%         N/A       100%        8
 Disjunction              Tloc           7%         N/A       100%        8
 Ignition                 Fire           0%         3d3       100%        8
 Lehudib's Crystal Spear  Conj/Erth      0%         10d2      100%        8
 Maxwell's Capacitive Co  Air            0%         ∞         100%        8
 Chain Lightning          Conj/Air       0%         N/A       100%        9
 Polar Vortex             Ice            0%         N/A       100%        9


Dungeon Overview and Level Annotations

Branches:
Dungeon (15/15)            Temple (0/1) D:4            Lair (5/5) D:9
 Shoals (4/4) Lair:2       Spider (4/4) Lair:2        Slime (5/5) Lair:5
    Orc (2/2) D:11            Elf (3/3) Orc:2        Vaults (5/5) D:13
  Crypt (0/3) Vaults:2     Depths (4/4) D:15            Zot (5/5) Depths:4
  IceCv (visited)

Altars:
Cheibriados
Dithmenos
Fedhas
Hepliaklqana
Kikubaaqudgha
Nemelex Xobeh
Okawaru
Qazlal
Sif Muna
Uskayaw
Vehumet
Beogh

Shops:
D:3 *   D:5 *((*   D:8 ?   Orc:1 [   Orc:2 [![:[   Elf:3 (**(   Vaults:2 !
Vaults:3 (   Depths:1 *(

Portals:
Hell: Depths:1 Depths:2 Depths:3 Depths:4
Abyss: Depths:2 Depths:3
Pandemonium: Depths:2
Ziggurat: Depths:4


Innate Abilities, Weirdness & Mutations

You are frail. (-10% HP)
You are somewhat resistant to further mutation.
You passively map a small area around you.
Your muscles are strong. (Str +4, Int/Dex -1)


Message History

An ice devil comes into view.
There is an escape hatch in the ceiling here.
A mysterious force pulls you upwards. The hatch slams shut behind you.
You see here +0 steam dragon scales.
What level of the Dungeon? (default 1, ? - help)
Your protection from fire is fading.
You feel less protected from fire.
There is a stone staircase leading up here.
You climb upwards.
There is a stone staircase leading down here.
You hear a shout!
You hear a shout!
There is a stone staircase leading up here.
You climb upwards.
There is a stone staircase leading down here.
You hear a croak.
A tormentor comes into view.
You slice the tormentor!!
The tormentor is severely wounded.
Your +9 spectral broad axe completely misses the tormentor.
You block the tormentor's attack. x2
You closely miss the tormentor.
The tormentor is severely wounded.
Your +9 spectral broad axe closely misses the tormentor.
The tormentor completely misses you. You block the tormentor's attack.
You slice the tormentor!!
You kill the tormentor!
Qazlal accepts your kill.
Your +9 spectral broad axe disappears.
No target in view!
What level of the Dungeon? (default 1, ? - help)
There is an entrance to Maulyir's General Store here.
There is a stone staircase leading up here.
You climb upwards.
There is a stone staircase leading down here.
There is a stone staircase leading up here.
You climb upwards.
There is a stone staircase leading down here.
There is a staircase leading out of the dungeon here.
You have escaped!

#....# ##.## ##.## #...###....
#....#
##...###...###...###....
#....#
#....'.'....#.....####..
#....#
##...#+#...##...........
#....# ##.##.##.###...........
###.## ##'##.##'###...........
#.# ##.##§○.##.##...........
#.# #.##.○§..##.#...........
#.# ##'...@.○.'##.........#.
#.# ###...☼.####.........#.
#.# ######..(## #......#####
##'###....##.## #....### ##
#...##....##.# #....######.
#............# #......#....
#............# #...........
#............######...........
#.............................


There were no monsters in sight!

Vanquished Creatures
  the Royal Jelly (Slime:5)
  Tiamat (Zot:1)
  8 dread liches
  4 ancient liches
  Mennas (Depths:3)
  The ghost of Bealaq the Black Belt, a legendary GnFE of Okawaru (Zot:4)
  8 orbs of fire
  The ghost of Giurur the Slayer, a veteran OgBe of Trog (Zot:4)
  Josephina (Depths:2)
  Boris (twice) (Vaults:4 Depths:4)
  3 Killer Klowns (Zot:5)
  The ghost of Joextigh the Crack Shot, a veteran KoHu of Okawaru (Vaults:3)
  Jory (Vaults:3)
  5 caustic shrikes
  5 golden dragons
  A profane servitor (Abyss:1)
  Arachne (Spider:2)
  A Brimstone Fiend (Zot:5)
  3 electric golems
  14 tentacled monstrosities
  A walking crystal tome (Depths:1)
  2 liches
  Mlioglotl (Spider:1)
  A walking earthen tome (Depths:1)
  6 titans (Vaults:5)
  2 walking frostbound tomes (Depths:1)
  A deep elf blademaster (Elf:3)
  28 Orb Guardians
  The ghost of Namoxzo the Warrior, an adept VSBr of Okawaru (Vaults:1)
  A deep elf master archer (Elf:3)
  2 walking divine tomes
  6 sphinxes
  6 quicksilver dragons
  2 death cobs
  12 acid blobs
  Frances (D:14)
  16 tentacled starspawn
  Polyphemus (Shoals:4)
  A kraken (Shoals:3)
  12 tengu reavers
  7 shadow dragons
  Kirke (D:13)
  9 storm dragons
  Aizul (Vaults:3)
  2 revenants (Vaults:1)
  7 rockslimes
  4 draconian monks
  Donald (Lair:2)
  13 draconian knights
  7 fire giants
  3 narguns (Depths:1)
  6 azure jellies
  Ilsuiw (Shoals:3)
  7 frost giants
  5 deep elf sorcerers
  21 vault wardens
  3 draconian shifters
  7 emperor scorpions
  4 ghost moths
  2 balrugs
  11 draconian scorchers
  3 iron dragons
  3 deep elf elementalists
  8 draconian annihilators
  A curse skull (Vaults:2)
  7 broodmothers
  3 orc warlords
  A spriggan defender (Depths:3)
  A reaper (Abyss:1)
  A juggernaut zombie (Depths:1)
  22 ironbound preservers
  38 very ugly things
  7 draconian stormcallers
  8 ironbound thunderhulks
  11 quicksilver oozes (Slime:5)
  4 war gargoyles
  A cacodemon (Abyss:4)
  2 formless jellyfish
  A broodmother (shapeshifter) (Vaults:5)
  20 stone giants
  11 green draconians
  8 dire elephants
  A vampire knight (Depths:2)
  4 deep elf demonologists
  16 white draconians
  10 deep elf annihilators
  A bunyip (shapeshifter) (Depths:3)
  10 purple draconians
  15 yellow draconians
  14 black draconians
  4 spark wasps
  7 red draconians
  6 eidola
  3 crystal guardians (Vaults:4)
  An ettin (shapeshifter) (Depths:3)
  8 deep elf death magi
  7 fire dragons
  7 ettins
  10 merfolk impalers
  2 blizzard demons (Abyss:4)
  9 deep elf high priests
  13 yaktaur captains
  7 merfolk javelineers
  9 entropy weavers
  6 hydras
  12 great orbs of eyes
  3 rakshasas
  38 vault guards
  11 centaur warriors
  4 peacekeepers
  4 spriggan air magi
  A fenstrider witch skeleton (Abyss:1)
  6 ice dragons
  7 boulder beetles
  A hydra (shapeshifter) (Vaults:3)
  5 jorogumos
  2 hell beasts
  8 ogre magi
  6 merfolk avatars
  2 alligator snapping turtles
  6 merfolk aquamancers
  5 ironbound frosthearts
  2 catoblepae
  7 two-headed ogres
  A naga warrior (Abyss:4)
  33 dancing weapons
  5 demonic crawlers
  13 death yaks
  10 spriggan berserkers
  2 hell hogs (Depths:4)
  An occultist (Depths:3)
  A satyr (Shoals:3)
  6 tengu warriors
  7 deep troll shamans
  7 thrashing horrors
  8 deep troll earth magi
  3 hell knights
  2 vampire magi
  A shock serpent (shapeshifter) (D:13)
  Nergalle (Lair:1)
  A storm dragon zombie (D:15)
  A skyshark (shapeshifter) (Vaults:5)
  16 deep elf knights
  4 sun demons
  2 soul eaters
  4 spriggans
  5 iron trolls
  10 wretched stars
  4 shadow wraiths
  6 skysharks
  A sun moth (Spider:2)
  5 sixfirhies
  Lodul (D:14)
  A fire crab (Lair:5)
  4 glowing orange brains
  2 salamander mystics (Depths:4)
  6 pharaoh ants
  8 skeletal warriors
  50 deep trolls
  2 swamp dragons (shapeshifter)
  3 flayed ghosts
  22 sea snakes
  8 steelbarb worms
  14 orb spiders
  A death drake (shapeshifter) (Vaults:5)
  An orange crystal statue (Zot:5)
  25 ironbound convokers
  10 lindwurms
  7 arcanists
  8 phantasmal warriors
  A lindwurm (shapeshifter) (Depths:3)
  40 deep elf pyromancers
  16 deep elf archers
  8 necromancers
  2 obsidian statues
  20 wolf spiders
  23 deep elf zephyrmancers
  An oklob plant (Lair:2)
  A mana viper (Abyss:4)
  14 harpies
  8 orc sorcerers
  12 orc knights
  41 ugly things
  A mana viper (shapeshifter) (Depths:3)
  A shadow dragon skeleton (Vaults:3)
  16 starcursed masses
  5 fauns
  A will-o-the-wisp (Abyss:2)
  A worldbinder (Abyss:2)
  2 shining eyes
  5 salamanders
  20 manticores
  20 moths of wrath
  12 elephants
  A moth of wrath (shapeshifter) (Depths:3)
  2 apocalypse crabs
  7 cyclopes
  14 vault sentinels
  8 merfolk sirens
  2 guardian serpents
  6 water nymphs
  A guardian serpent (shapeshifter) (Depths:3)
  An ice statue (IceCv)
  A rust devil (Abyss:1)
  A centaur zombie (Abyss:1)
  An eye of devastation (shapeshifter) (Depths:3)
  11 torpor snails
  8 cane toads
  9 black mambas
  2 eyes of devastation
  7 orange demons
  A cane toad (shapeshifter) (Abyss:2)
  A gargoyle (D:13)
  A torpor snail (shapeshifter) (Depths:3)
  12 smoke demons
  A rime drake (shapeshifter) (Depths:3)
  An unseen horror (D:13)
  10 rime drakes
  A komodo dragon (shapeshifter) (Depths:3)
  A kobold demonologist (D:11)
  7 komodo dragons
  An efreet (Abyss:2)
  38 yaktaurs
  4 freezing wraiths
  A tengu conjurer (D:15)
  2 tormentors
  A troll (D:13)
  4 ancient zymes
  A harpy zombie (Abyss:2)
  2 red devils
  2 tengu simulacra (Depths:2)
  8 polar bears
  5 hornets
  19 merfolk
  4 meliai
  20 tarantellas
  2 hellwings (Zot:2)
  14 raiju
  A wolf spider simulacrum (D:14)
  5 wind drakes
  28 blink frogs
  15 dream sheep
  A tarantella (shapeshifter) (Vaults:5)
  4 glass eyes
  11 snapping turtles
  2 spriggan zombies
  57 slime creatures
  A slime creature (shapeshifter) (Depths:3)
  2 ettin skeletons (Depths:1)
  32 jumping spiders
  25 large abominations
  A jumping spider (shapeshifter) (Depths:3)
  A human simulacrum (Vaults:3)
  2 dream sheep (shapeshifter) (Depths:3)
  An air elemental (Elf:3)
  A spriggan (shapeshifter) (Elf:1)
  7 ynoxinuls
  26 culicivoras
  20 water elementals
  63 yaks
  4 vampires
  2 chaos spawn (Abyss:1)
  A fire bat (Abyss:1)
  2 hogs (D:13)
  2 wraiths
  8 basilisks
  3 fire elementals
  50 redbacks
  6 neqoxecs
  6 steam dragons
  5 wyverns
  2 golden eyes (Slime:1)
  An alligator snapping turtle simulacrum (Abyss:2)
  2 vampire mosquitoes (D:13)
  2 wargs (Orc:2)
  A spriggan simulacrum (Depths:2)
  Menkaure (D:4)
  A naga (Abyss:4)
  24 water moccasins
  2 acid dragons
  A naga (shapeshifter) (Depths:3)
  16 small abominations
  4 sky beasts
  3 ice beasts
  15 ogres
  An ettin simulacrum (Vaults:3)
  13 orc warriors
  3 boggarts (Vaults:1)
  12 centaurs
  21 wolves
  A phantom (D:4)
  A kobold brigand (D:10)
  10 bullfrogs
  A gnoll sergeant (D:9)
  A glowing shapeshifter simulacrum (Depths:2)
  An earth elemental (Elf:1)
  4 scorpions
  3 killer bees
  6 howler monkeys
  2 crimson imps (Abyss:1)
  2 quasits (Abyss:1)
  2 hounds
  16 orc priests
  24 jellies
  A gnoll bouda (D:6)
  An iron imp (Abyss:1)
  A sleepcap (D:6)
  2 iguanas
  29 orc wizards
  12 adders
  14 gnolls
  A shadow imp (Abyss:2)
  22 white imps
  2 ufetubi
  3 worms
  4 dart slugs
  59 orcs
  7 ball pythons
  10 bats
  A bat zombie (D:11)
  24 endoplasms
  6 giant cockroaches
  7 goblins
  5 hobgoblins
  3 jackals
  11 kobolds
  2 quokkas
  5 frilled lizards
  3 rats
  2 rat zombies (D:11)
  A butterfly (Lair:3)
  11 spectral weapons
  19 starspawn tentacles
  3 tentacles (Shoals:3)
2464 creatures vanquished.

Vanquished Creatures (collateral kills)
  2 hell knights (Depths:2)
2 creatures vanquished.

Vanquished Creatures (others)
  A draconian monk (Zot:3)
  A deep elf elementalist (Elf:3)
  A draconian stormcaller (Zot:2)
  A vampire knight (Depths:2)
  A merfolk aquamancer (Shoals:4)
  A jorogumo (Spider:3)
  2 deep elf knights
  A deep elf zephyrmancer (Elf:3)
  An ugly thing (Abyss:4)
  A rust devil (Depths:4)
  A raiju (Abyss:4)
  A blink frog (Lair:5)
  A yak (IceCv)
  2 air elementals (Elf:1)
  A wyvern (Lair:4)
  A large abomination (Depths:4)
  A chaos spawn (Depths:4)
  A human (D:13)
  A centaur (D:13)
  An orc wizard (Orc:2)
  6 foxfires (Abyss:2)
  2 lurking horrors (Abyss:1)
  50 spectral weapons
  19 starspawn tentacles
  2 tentacles (Shoals:3)
101 creatures vanquished.

Grand Total: 2567 creatures vanquished

Notes
Turn   | Place    | Note
-------+----------+-------------------------------------------
     0 | D:1      | RepHenryClay the Hill Orc Fighter began the quest for the
                  | Orb.
     0 | D:1      | Reached XP level 1. HP: 19/19 MP: 1/1
   242 | D:1      | Reached XP level 2. HP: 26/26 MP: 2/2
   542 | D:1      | Reached XP level 3. HP: 31/31 MP: 3/3
   985 | D:2      | Reached skill level 5 in Axes
  1054 | D:2      | Learned a level 2 spell: Blink
  1208 | D:2      | Identified the +2 spear "Rorhirchue" {flame, Contam rC+ rN+
                  | Dex+2}
  1320 | D:2      | Reached XP level 4. HP: 39/39 MP: 4/4
  1350 | D:2      | Found a faded altar of an unknown god.
  1786 | D:3      | Found a hazy altar of Hepliaklqana.
  1799 | D:3      | Found a stormy altar of Qazlal.
  1811 | D:3      | Became a worshipper of Qazlal Stormbringer
  2080 | D:3      | Found Maulyir's General Store.
  2246 | D:4      | Identified the +1 robe of the Hills {rCorr}
  2255 | D:4      | Reached XP level 5. HP: 39/45 MP: 5/5
  2263 | D:4      | Noticed an ogre
  2438 | D:4      | Found a staircase to the Ecumenical Temple.
  2442 | D:4      | Noticed Menkaure
  2454 | D:4      | Reached skill level 1 in Throwing
  2454 | D:4      | Reached XP level 6. HP: 51/51 MP: 6/6
  2456 | D:4      | Killed Menkaure
  2716 | D:4      | Reached XP level 7. HP: 57/57 MP: 7/7
  2735 | D:4      | Found a blossoming altar of Fedhas.
  2807 | D:4      | Found an ancient bone altar of Kikubaaqudgha.
  2827 | D:4      | Found a shadowy altar of Dithmenos.
  3248 | D:5      | Entered Level 5 of the Dungeon
  3313 | D:5      | Reached * piety under Qazlal
  3360 | D:5      | Found Pyimpapt's General Store.
  3368 | D:5      | Bought a +1 hand axe of flaming for 148 gold pieces
  3858 | D:5      | Found Ruanofad's Antique Weapon Shoppe.
  4102 | D:5      | Found Domofig's Weapon Emporium.
  4122 | D:5      | Reached skill level 10 in Axes
  4160 | D:5      | Found Neulying's General Store.
  4499 | D:6      | Reached XP level 8. HP: 55/64 MP: 8/8
  5257 | D:7      | Reached ** piety under Qazlal
  5367 | D:7      | Identified the +2 kite shield of Eternity {Regen+ Dex+3}
  5378 | D:7      | Found a snail-covered altar of Cheibriados.
  5747 | D:7      | Identified the +1 robe "Betibb" {rElec Will+ Regen+}
  5969 | D:7      | Found a shimmering blue altar of Sif Muna.
  6092 | D:8      | Identified the "Soatrot"
  6092 | D:8      | Noticed a wyvern
  6092 | D:8      | Noticed a yak
  6093 | D:8      | Noticed a yak
  6093 | D:8      | Noticed a yak
  6171 | D:8      | Reached XP level 9. HP: 70/70 MP: 9/9
  6180 | D:8      | Reached skill level 5 in Throwing
  6228 | D:8      | Reached skill level 5 in Shields
  6506 | D:8      | Found Ocora's Magic Scroll Emporium.
  6509 | D:8      | Bought a scroll of identify for 26 gold pieces
  6509 | D:8      | Bought a scroll of identify for 26 gold pieces
  6509 | D:8      | Bought a scroll of identify for 26 gold pieces
  6509 | D:8      | Bought a scroll of identify for 26 gold pieces
  6509 | D:8      | Bought a scroll of identify for 26 gold pieces
  6509 | D:8      | Bought a scroll of immolation for 52 gold pieces
  6517 | D:8      | Identified a scroll of acquirement
  6637 | D:8      | Identified the ring of the Soothsayer {EV+5 Str+4 Int+3}
  6775 | D:9      | Identified the +9 plate armour "Roar" {rF+ rC+}
  6816 | D:9      | Noticed a two-headed ogre
  6879 | D:9      | Found a staircase to the Lair.
  6922 | D:9      | Killed a two-headed ogre
  6923 | D:9      | Reached skill level 5 in Armour
  6923 | D:9      | Reached XP level 10. HP: 73/77 MP: 10/10
  6950 | D:9      | Reached *** piety under Qazlal
  6974 | D:9      | Found Upsyo's Magic Scroll Shop.
  7048 | D:9      | Bought a scroll of fear for 48 gold pieces
  7048 | D:9      | Bought a scroll of teleportation for 36 gold pieces
  7048 | D:9      | Bought a scroll of identify for 24 gold pieces
  7048 | D:9      | Bought a scroll of identify for 24 gold pieces
  7048 | D:9      | Bought a scroll of identify for 24 gold pieces
  7048 | D:9      | Bought a scroll of identify for 24 gold pieces
  7048 | D:9      | Bought a scroll of teleportation for 36 gold pieces
  7061 | D:9      | Identified the +1 ring mail of the Sky {Dex+4}
  7100 | D:9      | Identified the +4 rapier of Suerit {vamp, rF++}
  7110 | D:9      | Found a sparkling altar of Nemelex Xobeh.
  7191 | D:9      | Identified the +5 long sword of the Warrior {flame, Stlth+}
  7421 | D:10     | Entered Level 10 of the Dungeon
  8365 | D:11     | Noticed a manticore
  8398 | D:11     | Killed a manticore
  8444 | D:11     | Noticed a kobold demonologist
  8457 | D:11     | Noticed a sixfirhy
  8459 | D:11     | Gained mutation: You are clumsy. (Dex -2) [a neqoxec]
  8466 | D:11     | Killed a kobold demonologist
  8476 | D:11     | Reached XP level 11. HP: 63/82 MP: 11/11
  8480 | D:11     | Reached **** piety under Qazlal
  8481 | D:11     | Reached skill level 10 in Armour
  8553 | D:11     | You fall into a shaft and drop 2 floors!
  8598 | D:12     | Noticed a boulder beetle
  8613 | D:12     | Killed a boulder beetle
  8807 | D:11     | Found a staircase to the Orcish Mines.
  8882 | D:11     | Noticed a manticore
  8895 | D:11     | Killed a manticore
  9060 | D:11     | Found an ancient bone altar of Kikubaaqudgha.
  9137 | D:11     | Noticed a centaur warrior
  9150 | D:11     | Killed a centaur warrior
  9151 | D:11     | Reached skill level 10 in Shields
  9625 | D:12     | Noticed a two-headed ogre
  9637 | D:12     | Killed a two-headed ogre
  9717 | D:12     | Noticed a centaur warrior
  9740 | D:12     | Killed a centaur warrior
  9829 | D:12     | Noticed a cyclops
  9837 | D:12     | Killed a cyclops
 10199 | D:13     | Noticed a vault guard
 10199 | D:13     | Noticed a vault guard
 10238 | D:13     | Noticed a brown ugly thing
 10238 | D:13     | Noticed a cyclops
 10321 | Orc:1    | Entered Level 1 of the Orcish Mines
 10333 | Orc:1    | Reached XP level 12. HP: 88/90 MP: 12/12
 10573 | Orc:2    | Entered Level 2 of the Orcish Mines
 10687 | Orc:1    | Found Etaap's Antique Armour Boutique.
 10703 | Orc:2    | Reached ***** piety under Qazlal
 10727 | Orc:1    | Noticed a sun demon
 10809 | Orc:1    | Paralysed by an orc sorcerer for 2 turns
 10964 | Orc:1    | Found a roughly hewn altar of Beogh.
 11058 | Orc:2    | Noticed a two-headed ogre
 11077 | Orc:2    | Killed a two-headed ogre
 11226 | Orc:2    | Reached skill level 5 in Fighting
 11254 | Orc:2    | Found Xuekeq's Armour Emporium.
 11475 | Lair:1   | Entered Level 1 of the Lair of Beasts
 11519 | Lair:1   | Noticed Nergalle
 11540 | Lair:1   | Killed Nergalle
 11595 | Lair:1   | Acquired the +1 pair of gloves of Nemelex Xobeh's Whim
                  | {Harm rF++}
 12257 | Lair:2   | Noticed an eight-headed hydra
 12282 | Lair:1   | Killed a two-headed hydra
 12283 | Lair:1   | Reached skill level 15 in Armour
 12303 | Lair:2   | Reached XP level 13. HP: 106/106 MP: 13/13
 12405 | Lair:2   | Found a hole to the Spider Nest.
 12840 | Lair:2   | Reached ****** piety under Qazlal
 13300 | Lair:2   | Found a staircase to the Shoals.
 13358 | Lair:2   | Identified the +0 robe of Povuxol {Stlth+}
 13612 | Lair:3   | Reached skill level 10 in Fighting
 13748 | Lair:3   | Reached XP level 14. HP: 122/122 MP: 14/14
 14382 | Lair:4   | Found a frozen archway.
 14408 | IceCv    | Entered an ice cave
 14432 | IceCv    | Reached skill level 1 in Invocations
 14872 | IceCv    | Noticed a frost giant
 14893 | IceCv    | Killed a frost giant
 15174 | Lair:4   | Reached skill level 1 in Dodging
 15884 | Lair:5   | Entered Level 5 of the Lair of Beasts
 15928 | Lair:5   | Reached skill level 5 in Invocations
 15954 | Lair:5   | Reached XP level 15. HP: 128/132 MP: 18/18
 16020 | Lair:5   | Identified the serpent talisman "Meluor" {rPois rF+ Dex+2
                  | Slay+3}
 16084 | Lair:5   | Reached skill level 15 in Axes
 16106 | Lair:5   | Identified the ring of Gin and Tonic {*Corrode rN++ EV+5}
 16231 | Lair:5   | Found a staircase to the Slime Pits.
 16403 | Lair:5   | Acquired 457 gold pieces
 16418 | Lair:5   | Identified the +4 scimitar "Atotzez" {flame, Int+3}
 16868 | D:13     | Noticed Kirke
 16881 | D:13     | Killed Kirke
 16994 | D:13     | Found a gate to the Vaults.
 17679 | D:14     | Reached XP level 16. HP: 141/141 MP: 21/21
 17847 | D:14     | Noticed Lodul
 17852 | D:14     | Killed Lodul
 18113 | D:14     | Noticed Frances
 18119 | D:14     | Killed Frances
 18399 | D:15     | Entered Level 15 of the Dungeon
 18733 | D:15     | Found a staircase to the Depths.
 18747 | D:15     | Reached skill level 15 in Shields
 18888 | D:15     | Reached skill level 5 in Dodging
 19347 | Orc:2    | Found Rogiges's Distillery.
 19407 | Orc:2    | Found a radiant altar of Vehumet.
 19443 | Orc:2    | Found Gausiosih's Book Boutique.
 19445 | Orc:2    | Found a roughly hewn altar of Beogh.
 19456 | Orc:2    | Found Ynaxowod's Antique Armour Boutique.
 19482 | Orc:2    | Found an ancient bone altar of Kikubaaqudgha.
 19509 | Orc:2    | Found Laduoll's Antique Armour Shop.
 19525 | Orc:2    | Bought a potion of might for 64 gold pieces
 19525 | Orc:2    | Bought 2 potions of curing for 96 gold pieces
 19525 | Orc:2    | Bought a potion of enlightenment for 80 gold pieces
 19575 | Orc:2    | Found a staircase to the Elven Halls.
 19953 | Spider:1 | Entered Level 1 of the Spider Nest
 20557 | Spider:1 | Reached XP level 17. HP: 98/152 MP: 24/24
 20627 | Spider:2 | Noticed Mlioglotl
 20634 | Spider:1 | Reached skill level 10 in Invocations
 20635 | Spider:1 | Killed Mlioglotl
 20918 | Spider:2 | Noticed Arachne
 20959 | Spider:2 | Killed Arachne
 22563 | Spider:4 | Entered Level 4 of the Spider Nest
 22831 | Spider:4 | Reached skill level 15 in Fighting
 22981 | Spider:4 | Reached XP level 18. HP: 163/163 MP: 26/26
 23640 | Spider:4 | Got a gossamer rune of Zot
 23643 | Spider:4 | Identified the +0 hat "Ogosimad" {Harm Slay+2}
 24055 | Vaults:1 | Identified the "Jolar"
 24055 | Vaults:5 | Identified the "Enifecsi"
 24055 | Crypt:2  | Identified the "Qischuq"
 24055 | WizLab   | Identified the "Lejae"
 24055 | Crypt:3  | Identified the "Wuorphen"
 24055 | Depths:3 | Identified the of Vutwiuh
 24055 | Elf:1    | Entered Level 1 of the Elven Halls
 24073 | Elf:1    | Paralysed by an air elemental for 1 turns
 24223 | Elf:1    | Found a flickering gateway to a bazaar.
 24240 | Bazaar   | Entered a bazaar
 24240 | Bazaar   | Found Petaqic's Distillery.
 24240 | Bazaar   | Found Rysaelo's General Store.
 24240 | Bazaar   | Found Zumiam's Armour Emporium.
 24242 | Bazaar   | Found Zistoime's Antique Weapon Shoppe.
 24253 | Bazaar   | Bought a potion of curing for 39 gold pieces
 24253 | Bazaar   | Bought a potion of might for 52 gold pieces
 24262 | Bazaar   | Bought a potion of curing for 21 gold pieces
 24262 | Bazaar   | Bought a potion of experience for 350 gold pieces
 24262 | Bazaar   | Bought a potion of heal wounds for 35 gold pieces
 24262 | Bazaar   | Bought 2 potions of might for 56 gold pieces
 24262 | Bazaar   | Bought 2 potions of mutation for 112 gold pieces
 24268 | Bazaar   | Reached XP level 19. HP: 172/172 MP: 28/28
 25113 | Elf:2    | Identified the "Ikkua"
 25490 | Elf:2    | Found a runed translucent gate.
 25491 | Elf:2    | Found a runed translucent gate.
 25491 | Elf:2    | Found a runed translucent gate.
 25600 | Elf:2    | Reached XP level 20. HP: 182/182 MP: 29/29
 26545 | Shoals:1 | Entered Level 1 of the Shoals
 26579 | Shoals:1 | Noticed Donald
 26598 | Lair:2   | Killed Donald
 27971 | Shoals:3 | Noticed Ilsuiw
 27993 | Shoals:3 | Killed Ilsuiw
 28704 | Shoals:4 | Entered Level 4 of the Shoals
 28711 | Shoals:4 | Noticed Polyphemus
 28729 | Shoals:4 | Killed Polyphemus
 28794 | Shoals:4 | Identified the staff of the Peculiar Lovers {rF+ rC+ SInv
                  | Fire}
 28906 | Shoals:4 | Identified the staff "Cacam" {rF+ Int+3 Fire}
 28974 | Shoals:4 | Reached XP level 21. HP: 191/195 MP: 30/30
 28986 | Shoals:4 | Identified the ring "Feett" {Fly rElec Str-3 Int+3 Dex+3}
 29160 | Shoals:4 | Got a barnacled rune of Zot
 29623 | Vaults:1 | Entered Level 1 of the Vaults
 29924 | Vaults:1 | Paralysed by a formless jellyfish for 1 turns
 30437 | Vaults:1 | Found a runed translucent gate.
 30437 | Vaults:1 | Found a runed translucent gate.
 30437 | Vaults:1 | Found a runed translucent gate.
 30441 | Vaults:1 | Noticed Namoxzo's ghost (adept VSBr)
 30760 | Vaults:1 | Killed Namoxzo's ghost
 30829 | Vaults:1 | Acquired the +2 pair of boots of Limited Liability {rF+
                  | Dex+2}
 31288 | Vaults:2 | Found Zyoxaxeth's Distillery.
 31297 | Vaults:2 | Bought a potion of heal wounds for 70 gold pieces
 31297 | Vaults:2 | Bought a potion of haste for 140 gold pieces
 31607 | Vaults:2 | Identified the +0 ring mail "Segiuth" {Will- Slay+5}
 31894 | Vaults:2 | Found a staircase to the Crypt.
 32087 | Vaults:3 | Reached XP level 22. HP: 209/209 MP: 31/31
 32503 | Vaults:3 | Reached skill level 27 in Armour
 32518 | Vaults:3 | Found Zimnuc's Antique Weapon Boutique.
 32544 | Vaults:3 | Found a portal to a secret trove of treasure.
 32685 | Vaults:3 | Found a runed translucent gate.
 32685 | Vaults:3 | Found a runed translucent gate.
 32685 | Vaults:3 | Found a runed translucent gate.
 32690 | Vaults:3 | Noticed Jory
 32745 | Vaults:3 | Killed Jory
 32888 | Vaults:3 | Noticed Joextigh's ghost (veteran KoHu)
 32935 | Vaults:3 | Identified the serpent talisman "Keczitie" {rN+}
 32935 | Vaults:3 | Noticed Aizul
 32946 | Vaults:3 | Killed Aizul
 33570 | Vaults:3 | Identified the +11 broad axe "Uloppido" {drain, rF- rCorr
                  | Int+5}
 33662 | Vaults:3 | Killed Joextigh's ghost
 33746 | Vaults:3 | You paid a toll of 6 scrolls of fog to enter a treasure
                  | trove
 33747 | Trove    | Entered a treasure trove
 33752 | Trove    | Found the +3 pair of gauntlets of War {Slay+5}
 33759 | Trove    | Identified the ring "Ucrusm" {Fly SInv}
 33766 | Trove    | Identified the amulet of the Kraken {Faith Harm rN+ Stlth-}
 33774 | Trove    | Identified the +6 plate armour "Vonn" {rF++ Int+6 Dex-2}
 33980 | Vaults:4 | Noticed Boris
 33996 | Vaults:4 | Killed Boris
 34010 | Vaults:4 | Identified the +1 robe "Miesm" {rPois rN+ Int+3}
 34010 | Vaults:4 | Identified the ring of Seshixa {Str+6 Stlth+}
 34012 | Vaults:4 | Identified the ring "Puzxepn" {Drain rPois rN++ rCorr
                  | Str+6}
 34018 | Vaults:4 | Gained mutation: You have hidden genetic defects. [a
                  | cacodemon]
 34030 | Vaults:4 | Lost mutation: You have hidden genetic defects. [potion of
                  | mutation]
 34030 | Vaults:4 | Lost mutation: You are clumsy. (Dex -2) [potion of
                  | mutation]
 34030 | Vaults:4 | Gained mutation: Your system is resistant to poisons.
                  | (rPois) [potion of mutation]
 34030 | Vaults:4 | Gained mutation: You are robust. (+10% HP) [potion of
                  | mutation]
 34030 | Vaults:4 | Gained mutation: Your natural rate of healing is unusually
                  | fast. [potion of mutation]
 34206 | Vaults:4 | Reached XP level 23. HP: 245/245 MP: 32/32
 34699 | Vaults:4 | Reached skill level 10 in Dodging
 35135 | Depths:1 | Entered Level 1 of the Depths
 35135 | Depths:1 | Found Cyplobo's Elemental Accessories.
 35237 | Depths:1 | Identified the +8 double sword of the Beast {drain, Drain
                  | Will+ Str+6 Dex+3}
 35530 | Depths:1 | Found a gateway to Hell.
 35767 | Depths:1 | Found Niask's Weapon Emporium.
 36030 | Depths:2 | Found a shadowy altar of Dithmenos.
 36056 | Depths:2 | Identified the ring "Gaetrang" {Ice Int+3}
 36056 | Depths:2 | Noticed Josephina
 36084 | Depths:2 | Killed Josephina
 36175 | Depths:2 | Reached skill level 15 in Invocations
 36273 | Depths:2 | Found a one-way gate to the infinite horrors of the Abyss.
 36579 | Depths:2 | Found a one-way gate leading to the halls of Pandemonium.
 36647 | Depths:2 | Noticed a golden dragon
 36657 | Depths:2 | Killed a golden dragon
 36779 | Depths:2 | Reached XP level 24. HP: 246/258 MP: 34/34
 37008 | Depths:3 | Found an iron altar of Okawaru.
 37329 | Depths:3 | Noticed Mennas
 37353 | Depths:3 | Killed Mennas
 37358 | Depths:3 | Noticed a caustic shrike
 37376 | Depths:3 | Killed a caustic shrike
 37677 | Depths:3 | Found the +3 hat of Pondering {ponderous, Will+ MP+10
                  | Int+5}
 37819 | Depths:3 | You are sucked into a shaft and drop 1 floor!
 37819 | Depths:4 | Entered Level 4 of the Depths
 38340 | Depths:4 | Noticed Boris
 38358 | Depths:4 | Killed Boris
 38373 | Depths:4 | Found a one-way gateway to a ziggurat.
 38492 | Depths:4 | Noticed a caustic shrike
 38493 | Depths:4 | Noticed a caustic shrike
 38493 | Depths:4 | Noticed a caustic shrike
 38497 | Depths:4 | Noticed a caustic shrike
 38505 | Depths:4 | Killed a caustic shrike
 38512 | Depths:4 | Killed a caustic shrike
 38516 | Depths:4 | Killed a caustic shrike
 38521 | Depths:4 | Killed a caustic shrike
 38781 | Depths:4 | Found a gate to the Realm of Zot.
 38792 | Depths:4 | Reached XP level 25. HP: 271/271 MP: 36/36
 38922 | Depths:4 | Found a hide-covered altar of Uskayaw.
 39491 | Vaults:5 | Entered Level 5 of the Vaults
 39684 | Vaults:5 | Got a silver rune of Zot
 39706 | Vaults:5 | Noticed an ancient lich
 39717 | Vaults:5 | Killed an ancient lich
 39834 | Vaults:5 | Identified the ring of Eczaen {rC+ Str+3 Int+4}
 39838 | Vaults:5 | Noticed a dread lich
 39847 | Vaults:5 | Killed a dread lich
 39858 | Vaults:5 | Noticed a dread lich
 39868 | Vaults:5 | Killed a dread lich
 39880 | Vaults:5 | Noticed an ancient lich
 39893 | Vaults:5 | Killed an ancient lich
 39898 | Vaults:5 | Identified the ring "Afayta" {Ice Stlth+}
 40203 | Vaults:5 | Identified the +0 robe of a Labyrinth {+Blink Str+2}
 40410 | Vaults:5 | Identified the +0 robe of Foimats {Will+ MP+9}
 40580 | Vaults:5 | Identified the ring of the Castellan {Wiz rElec rF+ SInv
                  | Stlth+}
 41857 | Elf:3    | Identified the of Wylakits
 41857 | Elf:3    | Identified the "Ligaigiu"
 41857 | Elf:3    | Entered Level 3 of the Elven Halls
 41870 | Elf:3    | Reached XP level 26. HP: 286/286 MP: 37/37
 41876 | Elf:3    | Paralysed by an air elemental for 1 turns
 41992 | Elf:3    | Found Roubeshru's Assorted Antiques.
 42038 | Elf:3    | Found Tuipn's General Store.
 42043 | Elf:3    | Bought a scroll of teleportation for 48 gold pieces
 42069 | Elf:3    | Found Zuagyug's Weapon Shoppe.
 42244 | Elf:3    | Found Amimaho's Weapon Shoppe.
 42604 | Elf:3    | Identified the +1 scimitar of the Hidden Stars {spect,
                  | rElec rF- Dex+4}
 42673 | Elf:3    | Identified the +3 leather armour of Zin's Favour {*Corrode
                  | *Slow Will+++ Dex+4}
 42708 | Elf:3    | Identified the maw talisman of Paut {+Blink rC++ Will+
                  | Str-4}
 42711 | Elf:3    | Identified the staff "Wefer" {rElec rF- rC+ Str+6 Air}
 42768 | Elf:3    | Identified the +5 scale mail of the Red God {-Tele rC+
                  | Will+ Regen+ Str+2}
 42792 | Elf:3    | Learned a level 2 spell: Lesser Beckoning
 43145 | Depths:2 | Voluntarily entered the Abyss.
 43301 | Abyss:1  | Reached skill level 1 in Translocations
 43528 | Abyss:1  | Gained mutation: Your body sometimes deteriorates upon
                  | taking damage. [a neqoxec]
 43553 | Abyss:1  | Gained mutation: Armour fits poorly on your strangely
                  | shaped body. [a neqoxec]
 43628 | Abyss:1  | Found a corrupted altar of Lugonu.
 43713 | Abyss:1  | Reached skill level 5 in Translocations
 43907 | Abyss:2  | Found a corrupted altar of Lugonu.
 44112 | Abyss:4  | Found a corrupted altar of Lugonu.
 44355 | Abyss:4  | Got an abyssal rune of Zot
 44375 | Depths:2 | Escaped the Abyss
 44675 | Slime:1  | Entered Level 1 of the Pits of Slime
 45246 | Slime:4  | Reached XP level 27. HP: 297/298 MP: 37/37
 45388 | Slime:5  | Identified the "Kyritih"
 45388 | Slime:5  | Identified the of Deiq
 45388 | Slime:5  | Identified the "Umatumes"
 45388 | Slime:5  | Entered Level 5 of the Pits of Slime
 45491 | Slime:5  | Noticed the Royal Jelly
 45513 | Slime:5  | Killed the Royal Jelly
 45637 | Slime:5  | Identified the +7 halberd of Xom's Scorn {elec, Contam
                  | rF++}
 45640 | Slime:5  | Identified the staff "Qubeul" {rPois rF+ rC+ Str-5 Dex+2
                  | Ice}
 45648 | Slime:5  | Got a slimy rune of Zot
 45649 | Slime:5  | Identified the amulet "Apros" {Acrobat rC- MP+9 SInv}
 45848 | Slime:5  | Identified the staff of Amortisation {rN+ Dex+7 Necro}
 45854 | Slime:5  | Identified the +8 chain mail of the Scorching Gods {Int+2}
 46498 | Zot:1    | Entered Level 1 of the Realm of Zot
 46498 | Zot:1    | Found the +4 dragonskin cloak
 46498 | Zot:1    | Noticed Tiamat
 46498 | Zot:1    | Found a transporter.
 46502 | Zot:1    | Noticed an orb of fire
 46509 | Zot:1    | Gained mutation: Your body often deteriorates upon taking
                  | damage. [an orb of fire]
 46512 | Zot:1    | Killed an orb of fire
 46600 | Zot:1    | Reached skill level 27 in Fighting
 46696 | Zot:1    | Found a transporter.
 47379 | Zot:1    | Killed Tiamat
 47395 | Zot:1    | Identified the +2 hat of Ebeistra {Will+}
 50132 | Zot:4    | Found a runed translucent gate.
 50133 | Zot:4    | Found a runed translucent gate.
 50133 | Zot:4    | Found a runed translucent gate.
 50135 | Zot:4    | Found an ancient bone altar of Kikubaaqudgha.
 50135 | Zot:4    | Noticed Giurur's ghost (veteran OgBe)
 50135 | Zot:4    | Noticed a dread lich
 50135 | Zot:4    | Noticed a dread lich
 50135 | Zot:4    | Noticed a dread lich
 50136 | Zot:4    | Noticed Bealaq's ghost (legendary GnFE)
 50351 | Zot:4    | Killed a dread lich
 50355 | Zot:4    | Killed a dread lich
 50372 | Zot:4    | Killed a dread lich
 50399 | Zot:4    | Killed Giurur's ghost
 50414 | Zot:4    | Killed Bealaq's ghost
 50474 | Zot:4    | Identified the +0 hat of Shadows and Fog {rC+ rCorr}
 50479 | Zot:4    | Identified the ring "Midghodo" {*Corrode rElec Str+3 Int+2
                  | Dex+6}
 50535 | Zot:5    | Entered Level 5 of the Realm of Zot
 50536 | Zot:5    | Noticed an ancient lich
 50833 | Zot:5    | Noticed an orb of fire
 50843 | Zot:5    | Gained mutation: You are weak. (Str -2) [an orb of fire]
 50844 | Zot:5    | Gained mutation: You occasionally lose the ability to read
                  | scrolls when taking damage. [an orb of fire]
 50845 | Zot:5    | Lost mutation: You are robust. (+10% HP) [an orb of fire]
 50848 | Zot:5    | Gained mutation: Your magical capacity is low. (-10% MP)
                  | [an orb of fire]
 50849 | Zot:5    | Killed an orb of fire
 50857 | Zot:5    | Noticed an ancient lich
 50859 | Zot:5    | Killed an ancient lich
 50860 | Zot:5    | Noticed a dread lich
 50877 | Zot:4    | Killed a dread lich
 50923 | Zot:4    | Lost mutation: Your magical capacity is low. (-10% MP)
                  | [potion of mutation]
 50923 | Zot:4    | Lost mutation: Your body often deteriorates upon taking
                  | damage. [potion of mutation]
 50923 | Zot:4    | Lost mutation: Armour fits poorly on your strangely shaped
                  | body. [potion of mutation]
 50923 | Zot:4    | Gained mutation: You are vulnerable to cold. (rC-) [potion
                  | of mutation]
 50923 | Zot:4    | Gained mutation: You passively map a small area around you.
                  | [potion of mutation]
 50924 | Zot:4    | Lost mutation: You are vulnerable to cold. (rC-) [potion of
                  | mutation]
 50924 | Zot:4    | Lost mutation: Your natural rate of healing is unusually
                  | fast. [potion of mutation]
 50924 | Zot:4    | Lost mutation: Your system is resistant to poisons. (rPois)
                  | [potion of mutation]
 50924 | Zot:4    | Gained mutation: Your flesh is heat resistant. (rF+)
                  | [potion of mutation]
 51114 | Zot:5    | Killed an ancient lich
 51127 | Zot:5    | Noticed a dread lich
 51133 | Zot:5    | Killed a dread lich
 51348 | Zot:5    | Noticed an orb of fire
 51355 | Zot:5    | Gained mutation: You occasionally lose the ability to drink
                  | potions when taking damage. [an orb of fire]
 51357 | Zot:5    | Killed an orb of fire
 51358 | Zot:5    | Noticed an orb of fire
 51367 | Zot:5    | Noticed an orb of fire
 51369 | Zot:5    | Gained mutation: You sometimes lose the ability to read
                  | scrolls when taking damage. [an orb of fire]
 51372 | Zot:5    | Killed an orb of fire
 51384 | Zot:5    | Killed an orb of fire
 51438 | Zot:5    | Noticed a dread lich
 51440 | Zot:5    | Noticed an orb of fire
 51446 | Zot:5    | Killed an orb of fire
 51447 | Zot:5    | Reached skill level 15 in Dodging
 51447 | Zot:5    | Killed a dread lich
 51448 | Zot:5    | Reached skill level 27 in Invocations
 51450 | Zot:5    | Noticed an orb of fire
 51461 | Zot:5    | Killed an orb of fire
 51652 | Zot:5    | Noticed an orb of fire
 51665 | Zot:5    | Killed an orb of fire
 52461 | Zot:5    | Lost mutation: Your body sometimes deteriorates upon taking
                  | damage. [potion of mutation]
 52461 | Zot:5    | Lost mutation: You occasionally lose the ability to drink
                  | potions when taking damage. [potion of mutation]
 52461 | Zot:5    | Gained mutation: You are frail. (-10% HP) [potion of
                  | mutation]
 52461 | Zot:5    | Lost mutation: You are weak. (Str -2) [potion of mutation]
 52462 | Zot:5    | Lost mutation: You sometimes lose the ability to read
                  | scrolls when taking damage. [potion of mutation]
 52462 | Zot:5    | Lost mutation: Your flesh is heat resistant. (rF+) [potion
                  | of mutation]
 52462 | Zot:5    | Lost mutation: You occasionally lose the ability to read
                  | scrolls when taking damage. [potion of mutation]
 52462 | Zot:5    | Gained mutation: Your muscles are strong. (Str +4, Int/Dex
                  | -1) [potion of mutation]
 52462 | Zot:5    | Gained mutation: You are somewhat resistant to further
                  | mutation. [potion of mutation]
 52463 | Zot:5    | Got the Orb of Zot
 52659 | Depths:4 | Noticed Deeqocug the pandemonium lord
 52727 | D:15     | Noticed Xeid the pandemonium lord
 53081 | D:$      | Escaped with the Orb!

Illustrated notes

Levels and vault maps discovered:
D:1:      dpeg_arrival_rhombi, layout_basic
D:2:      layout_loops_ring, ebering_ecumenical_altar_mist
D:3:      layout_loops_ring, mainiacjoe_overflow_large_starburst, serial_shops,
          shop, minmay_misc_feat_cross, minmay_diced_spiral
D:4:      layout_cave_pods, nicolae_overflow_hidden_temple,
          minmay_temple_entry_drinking_statues, uniq_menkaure
D:5:      layout_cave_pods, serial_shops, shop, shop_fountains, shop, shop,
          serial_park, serial_park_square2, serial_park_paths
          [serial_park_minivault_5x5_8], serial_park_tiny_1, serial_park_gazebo
          [serial_park_minivault_5x5_3]
D:6:      layout_rooms
D:7:      layout_basic, cheibrodos_worm_habitat, general_overflow_altar
D:8:      layout_cave_pools, serial_shops, nicolae_shop_rolled_up,
          nicolae_fountain_basement
D:9:      layout_cross, mainiacjoe_overflow_24_doors, lair_entry_dummy,
          serial_shops, nicolae_shop_hallway_stairs,
          chequers_serial_rivers_small_3
D:10:     layout_basic
D:11:     layout_stronghold, david_orc_3, lemuel_zombie_altar_kikubaaqudgha
D:12:     layout_roguey, serial_curves, eino_curves_02, eino_curves_01,
          eino_curves_01, eino_curves_02
D:13:     layout_layer_cave, lightli_vaults_fourway_checkpoint,
          gauntlet_entry_generic, minmay_beelzebubs_servants, uniq_kirke
D:14:     layout_gridville, hangedman_aviary, uniq_lodul, uniq_frances
D:15:     gammafunk_depths_entry_grave, layout_stronghold,
          chequers_serial_rivers_micro_c, grunt_ministairs_1
Lair:1:   layout_long_grid, uniq_nergalle
Lair:2:   nzn_winding_woodlands_medium [nzn_winding_woodlands_5x5_cross,
          nzn_winding_woodlands_5x15_pool, nzn_winding_woodlands_5x5_open_star,
          nzn_winding_woodlands_5x5_checkerboard,
          nzn_winding_woodlands_center_pierced_h,
          nzn_winding_woodlands_hourglass,
          nzn_winding_woodlands_5x5_closed_star,
          nzn_winding_woodlands_5x15_concentric,
          nzn_winding_woodlands_5x5_three], layout_long_grid,
          minmay_shoals_entry_hut, spider_nest_entry_rubble
Lair:3:   lemuel_slime, layout_long_grid, grunt_megastairs_4,
          infiniplex_staircase_pool_2, lemuel_fruit_fields
Lair:4:   layout_cave_pods, portal_ice_cave_entry_imps, lemuel_fruit_tree
Lair:5:   gammafunk_lair_ancient_temple, layout_loops_ring,
          minmay_slime_entry_jelly_boxes
Shoals:1: layout_shoals, uniq_donald
Shoals:2: layout_shoals
Shoals:3: layout_shoals, uniq_ilsuiw
Shoals:4: shoals_end_simple, layout_shoals, uniq_polyphemus
Spider:1: layout_spider_delve, drop_trap
Spider:2: layout_spider_delve, uniq_mlioglotl, uniq_arachne
Spider:3: layout_cave_pods
Spider:4: hellmonk_spider_rune_endless_swarm, nicolae_spider_nooks_and_crannies
Slime:1:  layout_caves, cheibrodos_slime_lost_civilization_4
Slime:2:  layout_caves
Slime:3:  cheibrodos_slime_lost_civilization_9, layout_caves
Slime:4:  layout_caves
Slime:5:  slime_pit_nicolae_inversion
Orc:1:    layout_caves, serial_shops, nicolae_shop_statue_plus,
          nicolae_orc_lost_temple
Orc:2:    kennysheep_orc_mage_school, layout_caves, serial_shops, shop_fountains
Elf:1:    minmay_elf_arrival_plus, layout_geoelf_grid, serial_shops,
          bzr_entry_gold, evilmike_minifort, nicolae_elf_big_sculpture_1,
          serial_sigils_hangedman_gnaw, amcnicky_mini_rare_corridor_liquid
Elf:2:    nicolae_elf_blades_crystal_corner, layout_loops_corners
Elf:3:    minmay_elf_hall_dome, layout_geoelf_octagon, serial_shops,
          nicolae_shop_bloodbath_and_beyond, shop,
          nicolae_shop_just_a_little_nook, shop
Vaults:1: gammafunk_ghost_spectres, hangedman_vaults_maws,
          nicolae_vaults_tetromino_Z_1, vaults_room_grid,
          nicolae_vaults_octothorpe, st_more_cells, v_misc_18,
          nicolae_vaults_tetromino_Z_2, nicolae_vaults_tetromino_Z_1,
          nicolae_vaults_turnstiles, nicolae_vaults_tetromino_L_1,
          layout_vaults_omnigrid
Vaults:2: v_misc_29, nicolae_vaults_meiosis, nicolae_vaults_closet_pinwheel_4,
          nicolae_vaults_security_offices_3, ontoclasm_vaults_gateway,
          v_misc_33, v_misc_33, nicolae_vaults_three_branches,
          minmay_crypt_entry_simple_box, nicolae_vaults_tetromino_T_2,
          ontoclasm_vaults_decontamination, serial_ice_h, layout_vaults_ring,
          serial_shops, shop
Vaults:3: ebering_ghost_rock_garden, hangedman_vaults_hat,
          nicolae_vaults_stepped_doors, hangedman_vaults_unwind,
          nicolae_vaults_diamond_1, nicolae_vaults_layer_cake_slice,
          vaults_dpeg_ring, nicolae_vaults_whirlpool_walls,
          hangedman_vaults_stream, nicolae_vaults_angled_halls,
          nicolae_vaults_yaktaur_gun_rack, nicolae_vaults_network_star,
          nicolae_vaults_trapezoid_2, layout_vaults_omnibox,
          nicolae_trove_entry_crossroad, serial_shops, nicolae_shop_dealshenge,
          uniq_jory, uniq_aizul
Vaults:4: v_misc_31, ontoclasm_vaults_hangar, hangedman_vaults_variations,
          nicolae_vaults_circle_grid_b, vaults_dpeg_cross, v_misc_26,
          nicolae_vaults_trapezoid_lopsided_2, v_misc_9, v_misc_5,
          nicolae_vaults_trapezoid_3, nicolae_vaults_layer_cake_slice,
          nicolae_vaults_heart-shaped_vault, ontoclasm_vaults_ligature,
          nicolae_vaults_storing_the_good_stuff, layout_vaults_big_room,
          uniq_boris
Vaults:5: serial_shops
Depths:1: layout_cave_pools, minmay_misc_feat_iff, lightli_too_deep,
          serial_shops, nicolae_shop_back_alley_shop, st_stairs_11,
          nicolae_elemental_shop, hangedman_decor_opposing,
          dreamdust_wishing_well, drop_trap, nicolae_rock_paper_scissors
Depths:2: minmay_sliced_demisemicircle, layout_gridlike, hell_entry,
          hangedman_abyss_entry_splay, rand_demon_pan_entry_3,
          grunt_dithmenos_smoke, uniq_josephina
Depths:3: vault_1, layout_basic, hangedman_abyss_or_decor_passed, hell_entry,
          abyss_entry_glasseish, okawaru_gym_becter, uniq_mennas
Depths:4: evilmike_zot_entry_round, layout_cave_shapes, enter_ziggurat_d,
          hellmouth_1, serial_sigils, serial_sigils_hangedman_snap,
          serial_sigils_hangedman_quiver, serial_sigils_hangedman_shear,
          serial_sigils_hangedman_gut, serial_sigils_hangedman_shear,
          serial_sigils_hangedman_snap, nicolae_uskayaw_dance_hall
Zot:1:    gammafunk_sealed_arena, layout_twisted_circle,
          regret_index_zotdec_onion_hex, hangedman_zot_decor_tridents,
          guppyfry_library_mini, uniq_tiamat
Zot:2:    layout_misc_corridors
Zot:3:    layout_basic, bh_zot_ikea_curve
Zot:4:    layout_basic, gammafunk_ghost_crypt
Zot:5:    layout_gridlike

Skill      XL: |  1  2  3  4  5  6  7  8  9 10 11 12 13 14 15 16 17 18 19 20 21 22 23 24 25 26 27 |
---------------+----------------------------------------------------------------------------------+-----
Axes           | 3 4 5 6 8 10 12 14 16 17 18 | 18.0
Throwing       | 1 2 3 4 5 |  5.0
Shields        | 6 8 10 11 13 14 15 16 17 18 19 21 22 | 22.4
Armour         | 5 9 13 15 16 17 18 19 20 21 22 24 26 27 | 27.0
Fighting       | 7 10 12 14 15 16 18 20 22 23 24 25 26 27 | 27.0
Invocations    | 5 7 9 11 12 13 15 18 20 21 27 | 27.0
Dodging        | 2 4 5 6 7 8 9 10 16 | 16.3
Translocations | 8 |  8.0

Action                     |  1- 3 |  4- 6 |  7- 9 | 10-12 | 13-15 | 16-18 | 19-21 | 22-24 | 25-27 || total
---------------------------+-------+-------+-------+-------+-------+-------+-------+-------+-------++-------
  Melee: War axe           |   110 |    97 |    49 |       |   257 |   742 |  1118 |   398 |       ||  2771
         Hand axe          |       |       |   240 |   769 |   734 |       |       |     6 |       ||  1749
         Broad axe         |       |       |       |       |       |       |       |  1097 |  1584 ||  2681
  Throw: Dart              |       |     6 |       |     3 |     5 |    36 |       |       |       ||    50
 Invoke: Upheaval          |       |       |       |       |       |     1 |     2 |     1 |    23 ||    27
         Disaster Area     |       |       |       |       |       |       |     2 |     1 |     2 ||     5
         Elemental Force   |       |       |       |       |       |       |       |     6 |     1 ||     7
  Evoke: Wand              |       |       |       |     2 |       |     4 |     3 |     1 |     1 ||    11
    Use: Potion            |       |     1 |       |     1 |     1 |     8 |     2 |     1 |    14 ||    28
         Scroll            |       |       |    16 |     7 |     6 |     8 |     2 |       |    13 ||    52
   Stab: Petrified         |       |       |       |       |     5 |       |       |       |       ||     5
         Paralysed         |       |       |       |       |       |       |       |     4 |     3 ||     7
         Distracted        |       |       |       |       |       |       |       |     2 |    38 ||    40
 Armour: Scale mail        |    43 |       |       |       |       |       |       |       |       ||    43
         Chain mail        |    28 |    82 |   117 |       |       |       |       |       |       ||   227
         Plate armour      |       |       |    70 |   337 |   437 |   903 |   518 |   590 |   501 ||  3356
  Dodge: Dodged            |    55 |    32 |    82 |   156 |   282 |   328 |   340 |   445 |   397 ||  2117
         Repelled          |       |       |       |     2 |     8 |     9 |    14 |    17 |    44 ||    94
  Block: Buckler           |    23 |    26 |    55 |       |       |       |       |       |       ||   104
         Kite shield       |       |       |    66 |   504 |   904 |  1072 |  1028 |  1353 |  1077 ||  6004

Table legend: (Time is in decaauts)
 A = Elapsed time spent in this place.
 B = Non-inter-level travel time spent in this place.
 C = Inter-level travel time spent in this place.
 D = Time resting spent in this place.
 E = Time spent auto-exploring this place.
 F = Levels seen in this place.
 G = Mean time per level.
                   A        B        C        D        E       F      G
               +--------+--------+--------+--------+--------+-----+--------+
         Total |  52868 |  46897 |   5971 |   1095 |  33556 |  59 |  896.1 |
       Dungeon |  14015 |  11834 |   2181 |     59 |   9378 |  15 |  934.3 |
          Lair |   5137 |   4344 |    793 |     51 |   3202 |   5 | 1027.4 |
        Shoals |   3039 |   2845 |    194 |     95 |   1960 |   4 |  759.8 |
   Spider Nest |   4020 |   3854 |    166 |    516 |   2363 |   4 | 1005.0 |
    Slime Pits |   1570 |   1432 |    138 |     16 |   1125 |   5 |  314.0 |
  Orcish Mines |   1909 |   1444 |    465 |     38 |    978 |   2 |  954.5 |
   Elven Halls |   3431 |   3064 |    367 |     93 |   2082 |   3 | 1143.7 |
        Vaults |   7533 |   6853 |    680 |     67 |   4868 |   5 | 1506.6 |
        Depths |   4366 |   3833 |    533 |     34 |   2724 |   4 | 1091.5 |
           Zot |   5935 |   5484 |    451 |    124 |   4326 |   5 | 1187.0 |
         Abyss |   1229 |   1229 |      0 |      0 |    232 |   4 |  307.2 |
        Bazaar |     29 |     29 |      0 |      0 |     10 |   1 |   29.0 |
         Trove |     54 |     54 |      0 |      0 |      5 |   1 |   54.0 |
      Ice Cave |    594 |    594 |      0 |      0 |    298 |   1 |  594.0 |
               +--------+--------+--------+--------+--------+-----+--------+

Top non-repeatable levels by time:
Vaults:5: 2117 daAuts
   Zot:5: 1805 daAuts
Vaults:3: 1642 daAuts
  Lair:2: 1620 daAuts
Vaults:1: 1496 daAuts
    D:11: 1445 daAuts
     D:5: 1392 daAuts
   Orc:2: 1380 daAuts
Depths:3: 1329 daAuts
Vaults:2: 1254 daAuts
Depths:2: 1222 daAuts
   Zot:4: 1222 daAuts
   Zot:3: 1211 daAuts
   Elf:1: 1187 daAuts
   Elf:2: 1185 daAuts
